 Dungeon Crawl Stone Soup version 0.24.0-13-gcf9b319 (webtiles) character file.

Game seed: 718733286063425384, levelgen mode: deterministic

11 Bronimir the Chiller (level 2, -1/19 HPs)
             Began as a Barachi Ice Elementalist on Apr 3, 2020.
             Killed from afar by a dart slug (3 damage)
             ... with a slug dart
             ... on level 1 of the Dungeon.
             The game lasted 00:01:08 (303 turns).

Bronimir the Chiller (Barachi Ice Elementalist)      Turns: 303, Time: 00:01:08

Health: -1/19      AC:  2    Str:  9    XL:     2   Next: 29%
Magic:  1/5        EV: 12    Int: 15    God:
Gold:   0          SH:  0    Dex: 12    Spells: 5/6 levels left

rFire    . . .     SeeInvis .   (no weapon)
rCold    . . .     Gourm    .   (no shield)
rNeg     . . .     Faith    .   a - +0 robe
rPois    .         Spirit   .   (no helmet)
rElec    .         Reflect  .   (no cloak)
rCorr    .         Harm     .   (no gloves)
MR       .....                  (no boots)
Stlth    ++........             (no amulet)
HPRegen  0.06/turn              (no ring)
MPRegen  0.09/turn              (no ring)

@: can't hop, slow
A: +LOS, swims, slowness 1, strong legs 1
a: Hop


You were on level 1 of the Dungeon.
You were not hungry.

You visited 1 branch of the dungeon, and saw 1 of its levels.

Inventory:

Armour
 a - a +0 robe (worn)
Scrolls
 d - a scroll of remove curse {unknown}
Potions
 e - a potion of curing {unknown}
Comestibles
 c - a ration


   Skills:
 * Level 0.3 Armour
 + Level 2.2 Dodging
 - Level 1.7 Stealth
 * Level 2.6 Spellcasting
   Level 1.1 Conjurations
 * Level 4.0 Ice Magic


You had 5 spell levels left.
You knew the following spells:

 Your Spells              Type           Power        Failure   Level  Hunger
a - Freeze                Ice            ##..         4%          1    #......

Your spell library contained the following spells:

 Spells                   Type           Power        Failure   Level  Hunger
 Throw Frost              Conj/Ice       #.....       11%         2    ###....
 Ozocubu's Armour         Chrm/Ice       #.......     26%         3    ###....
 Throw Icicle             Conj/Ice       #.......     58%         4    #####..
 Summon Ice Beast         Ice/Summ       #.......     65%         4    #####..


Dungeon Overview and Level Annotations

Branches:
Dungeon (1/15)

Altars:


Innate Abilities, Weirdness & Mutations

Shadows flee at your approach. (+LOS)
You can swim through water.
You cover ground slowly.
You can hop short distances.


Message History

You see here a stone.
The kobold throws a stone.
The stone closely misses you. The kobold hits you.
Casting: Freeze (safe; 4% risk of failure)
Confirm with . or Enter, or press ? or * to list all spells.
Aiming: Freeze (safe; 4% risk of failure)
Press: ? - help, Shift-Dir - straight line, f - kobold
Aim: a kobold You freeze the kobold.
You kill the kobold!
You start resting.
The dart slug is too close now for your liking.
You hit the dart slug but do no damage. The dart slug launches a dart at you.
The slug dart hits you.
* * * LOW HITPOINT WARNING * * *
All of the chunks of flesh in your inventory have rotted away.
The dart slug launches a dart at you. The slug dart hits you.
You die...

.. ....#...#. . .....#...
...#.......... .##..#...#..
..#...#.....# ......#..
..#..#..#......#
.......#..#.#.#..#.......#
....#...#.#.#.#.#...#....#
.#...##..#.#.#.#..##.....#
.#.....##.#...#.##.......#
.#.......#.....#@..w.....#
...######)..<.).######..(#
.........#.....#K..(((..(#
.......##.#...#w##.......#
.....##..#.#.#.#..##.....###
....#...#.#÷#.#.#...#.......
.......#..#÷#.#..#.....#.####
#.....#..#..#..#..#....#..#
#....#...#..#..#...#......#


You could see a dart slug.

Vanquished Creatures
  A dart slug (D:1)
  2 bats (D:1)
  2 goblins (D:1)
  2 jackals (D:1)
  A kobold (D:1)
8 creatures vanquished.

Notes
Turn   | Place    | Note
-------+----------+-------------------------------------------
     0 | D:1      | Bronimir the Barachi Ice Elementalist began the quest for
                  | the Orb.
     0 | D:1      | Reached XP level 1. HP: 13/13 MP: 3/3
   263 | D:1      | Reached XP level 2. HP: 10/19 MP: 0/5
   275 | D:1      | Reached skill level 4 in Ice Magic
   303 | D:1      | Killed from afar by a dart slug

Levels and vault maps discovered:
D:1:      minmay_arrival_radiant_lines, layout_basic, minmay_tall_x

Skill      XL: |  1  2 |
---------------+-------+-----
Ice Magic      | 4 |  4.0
Armour         | |  0.3
Dodging        | |  2.2
Stealth        | |  1.7
Spellcasting   | |  2.6
Conjurations   | |  1.1

Action                   || total
-------------------------++-------
Melee: Unarmed           ||    10
 Cast: Freeze            ||    10
 Abil: Hop               ||     1
Armor: Robe              ||     7
Dodge: Dodged            ||    13
